Cogmind - Beta 13 @@@ ROGUE MODE // 2024.04.09 @ 02:18:53 Player: meetlok Result: Destroyed by S-10 Pest with Light Assault Rifle Performance ------------- Evolutions (1) 500 Regions Visited (3) 600 Robots Destroyed (85) 425 Value Destroyed (2424) 2424 Prototype IDs (9) 180 Alien Tech Used (0) 0 Bonus (521) 521 TOTAL SCORE: 4650 Bonus ------- High Alert Combat Kills 521 Cogmind --------- Core Integrity 0/400 Matter 264/300 Energy 280/280 System Corruption 13% Temperature Warm (122) Movement Walking (260) Ox2 Location -9/Storage Parts ------- > --- POWER (1) -------- Cooled Ion Engine > --- PROPULSION (2) --- Aluminum Leg Aluminum Leg > --- UTILITY (4) ------ Large Storage Unit Improved Light Armor Plating Hacking Suite Drone Bay (1/2) > --- WEAPON (2) ------- Spread Laser Autogun > --- INVENTORY (15) --- Cooled Ion Engine Cooled Ion Engine Aluminum Leg Aluminum Leg High-capacity Battery (250) Light Armor Plating Hacking Suite Drone Bay (2/2) Field Laser Advanced Beam Cannon Improved Assault Rifle EMP Blaster Guided Missile Launcher Mining Laser Peak State ------------ > --- POWER ------------ Cooled Ion Engine > --- PROPULSION ------- Aluminum Leg Aluminum Leg > --- UTILITY ---------- Large Storage Unit Improved Light Armor Plating Hacking Suite Drone Bay > --- WEAPON ----------- Spread Laser Minigun > --- INVENTORY -------- Cooled Ion Engine Cooled Ion Engine Cooled Ion Engine Aluminum Leg High-capacity Battery Hacking Suite Drone Bay Drone Bay Advanced Beam Cannon Autogun EMP Blaster Guided Missile Launcher Mining Laser [Rating: 26] Favorites ----------- Power Improved Ion Engine Engine Improved Ion Engine Propulsion Aluminum Leg Leg Aluminum Leg Wheel Compact Wheel Utility Large Storage Unit Device Heat Sink Storage Large Storage Unit Processor Terrain Scan Processor Hackware Hacking Suite Protection Hardened Light Armor Plating Weapon Improved Assault Rifle Energy Gun Spread Laser Ballistic Gun Improved Assault Rifle Special Weapon Mining Laser Build | -11 -10 -9 -9 ------- Run | Yrd Mat Mat Sto Slots Evolved 2 | . . 2 . Power . | . . . . Propulsion . | . . . . Utility 2 | . . 2 . Weapon . | . . . . Parts Attached 75 | 7 11 41 16 Power 10 | 2 1 5 2 Engine 10 | 2 1 5 2 Core . | . . . . Reactor . | . . . . Propulsion 19 | 2 1 11 5 Treads . | . . . . Leg 14 | . . 9 5 Wheel 5 | 2 1 2 . Hover . | . . . . Flight . | . . . . Utility 25 | 1 3 14 7 Device 7 | . 2 3 2 Storage 4 | 1 1 2 . Processor 5 | . . 4 1 Hackware 1 | . . 1 . Protection 8 | . . 4 4 Artifact . | . . . . Weapon 21 | 2 6 11 2 Energy Gun 14 | 2 6 6 . Energy Cannon . | . . . . Ballistic Gun 6 | . . 4 2 Ballistic Cannon . | . . . . Launcher . | . . . . Special Weapon 1 | . . 1 . Impact Weapon . | . . . . Slashing Weapon . | . . . . Piercing Weapon . | . . . . Special Melee Weapon . | . . . . Unidentified Prototypes 3 | . . 2 1 Parts Lost 18 | . 3 12 3 Power 2 | . 1 1 . Propulsion 5 | . . 4 1 Utility 6 | . . 5 1 Weapon 5 | . 2 2 1 Highest Loss Streak 3 | . 3 3 3 To Critical Strikes . | . . . . Average Slot Usage (%) 96 | . 94 96 99 Engine 11 | . 12 11 11 Leg 9 | . . 8 21 Wheel 12 | . 27 12 . Device 7 | . 10 8 1 Storage 12 | . 14 11 12 Processor 8 | . . 11 7 Hackware 3 | . . 2 11 Protection 7 | . . 8 11 Energy Gun 13 | . 27 11 11 Ballistic Gun 8 | . . 9 11 Naked Turns . | . . . . Heaviest Build 43 | 14 22 40 43 Greatest Support 32 | 32 32 32 20 Greatest Overweight (x) 4 | 1 . 3 4 Average Overweight (x) . | . . 1 1 Largest Inventory Capacity 15 | 8 10 15 15 Average Capacity 13 | 6 9 14 15 Most Carried 15 | 6 10 15 15 Average Carried 12 | 3 8 12 14 Final Capacity 15 | 8 10 15 15 Final Carried 15 | 6 10 14 15 Class Distribution -------------------- 69% | Mutant 30% | Scavenger-Mutant Dominant Class ---------------- Mutant | -10/Materials Mutant | -9/Materials Mutant | -9/Storage Resources | -11 -10 -9 -9 ----------- Run | Yrd Mat Mat Sto Matter Collected 1384 | 261 114 660 349 Remotely . | . . . . Salvage Created 3384 | 52 678 2098 556 Parts 196 | 9 33 120 34 Haulers Intercepted 4 | . 1 3 . Recyclers Shooed 1 | . . 1 . Parts Field Recycled . | . . . . Retrieved Matter . | . . . . Parts Self-Destructed . | . . . . Prevented . | . . . . Kills | -11 -10 -9 -9 ------- Run | Yrd Mat Mat Sto Combat Hostiles Destroyed 77 | . 11 50 16 Guns 73 | . 8 49 16 AOE 4 | . 3 1 . Classes Destroyed 10 | 1 6 3 . Worker 1 | . 1 . . Builder 2 | . 1 1 . Tunneler 3 | 3 . . . Hauler 4 | . 1 3 . Recycler 3 | . 2 1 . Swarmer 15 | . 3 10 2 Grunt 42 | . 8 26 8 Brawler 3 | . . 3 . Duelist 1 | . . 1 . Sentry 16 | . . 10 6 Best Kill Streak 7 | 3 7 6 5 Combat Bots Only 6 | . 5 6 5 Max Kills in Single Turn 5 | 3 5 2 1 Gunslinging 1 | . . 1 . Exploded 2 | . 2 1 . Melee . | . . . . Uniques/NPCs Destroyed . | . . . . Combat | -11 -10 -9 -9 -------- Run | Yrd Mat Mat Sto Hostile Shots Fired 334 | . 54 197 83 Missed 79 | . 15 46 18 Damage Taken 2986 | 24 406 1812 744 Core 535 | 12 117 310 96 Absorbed by Shields . | . . . . Redirected to Shielding 2 | . . 2 . Regen/Repaired (Parts) 130 | . 10 120 . Core Remaining (%) 71 | 95 48 . . Volleys Fired 182 | 1 30 118 33 Largest 2 | 2 2 2 2 Hottest 123 | 80 90 123 90 Shots Fired 355 | 2 55 231 67 Gun 353 | 2 55 229 67 Cannon . | . . . . Launcher . | . . . . Special 2 | . . 2 . Kinetic 136 | . . 103 33 Thermal 128 | . . 94 34 Explosive . | . . . . Electromagnetic 91 | 2 55 34 . Robot Hit Streak 18 | 2 6 16 18 Robot Miss Streak 10 | . 3 5 10 Penetration Max . | . . . . Secondary Targets 16 | . 1 7 8 Max Gunslinging Chain 1 | . 1 1 1 Shots Hit Robots 275 | 2 25 194 54 Core Hits 231 | 4 21 148 58 Critical Kills 1 | . . 1 . Critical Parts Destroyed . | . . . . Critical Strikes 4 | . 1 3 . Burn 2 | . . 2 . Destroy 1 | . . 1 . Corrupt 1 | . 1 . . Melee Attacks . | . . . . Impact . | . . . . Slashing . | . . . . Piercing . | . . . . Sneak Attacks . | . . . . Combat Hostiles . | . . . . Follow-up Attacks . | . . . . Damage Inflicted 4597 | 134 786 2805 872 Guns 4177 | 30 507 2768 872 Cannons . | . . . . Explosions 410 | 104 279 27 . Melee . | . . . . Ramming 10 | . . 10 . Kinetic 1506 | . . 1189 317 Thermal 2179 | 104 279 1241 555 Explosive . | . . . . Electromagnetic 902 | 30 507 365 . Impact . | . . . . Slashing . | . . . . Piercing . | . . . . Highest Corruption 13 | . . 13 13 Average Corruption 7 | . . 2 13 Corruption Purged . | . . . . Corruption Blocked . | . . . . Effects 40 | . . 10 30 Message Errors 8 | . . 3 5 Matter Fused 15 | . . 3 12 Heat Flow Errors 1 | . . . 1 Energy Discharges 4 | . . 3 1 Parts Rejected 1 | . . . 1 Parts Fused 2 | . . 1 1 Data Loss (minor) 4 | . . . 4 Data Loss (major) 2 | . . . 2 Misfires 1 | . . . 1 Misdirections 2 | . . . 2 Overload Shots . | . . . . Overflow Damage 39 | 7 . 32 . Projectiles . | . . . . Explosions 39 | 7 . 32 . Melee . | . . . . Knockbacks . | . . . . Impact . | . . . . Kinetic . | . . . . Secondary . | . . . . Self-Inflicted Damage 105 | 24 37 44 . Shots 3 | 1 1 1 . Rammed 1 | . . 1 . Targets Rammed 1 | . . 1 . Kicked . | . . . . Crushed . | . . . . Highest Temperature 385 | 30 210 385 379 Average Temperature 77 | 20 62 53 136 Received Heat Transfer 1059 | . 114 606 339 Effects 3 | . . . 3 Energy Bleed 2 | . . . 2 Short Circuit 1 | . . . 1 Siege Activations . | . . . . Robots Corrupted . | . . . . Combat Hostiles . | . . . . Parts Fried 1 | . 1 . . Impact Corruptions . | . . . . Robots Melted . | . . . . Combat Hostiles . | . . . . Parts Melted 2 | . . 2 . Heat Transferred 3257 | 150 300 2117 690 Parts Sabotaged . | . . . . Parts Stolen . | . . . . Parts Stripped . | . . . . Power Chain Reactions 5 | 1 3 1 . Alert | -11 -10 -9 -9 ------- Run | Yrd Mat Mat Sto Peak Influence 933 | 15 303 933 680 Initial 393 | . 9 66 393 Average 417 | 4 171 474 494 Maximum Alert Level 3 | . 1 3 2 Low Security (%) 21 | 100 55 16 . Level 1 31 | . 44 36 6 Level 2 27 | . . 14 93 Level 3 20 | . . 33 . Level 4 . | . . . . Level 5 . | . . . . High Security . | . . . . Max Security . | . . . . Sterilizations 1 | . . 1 . Squads Dispatched 19 | . 4 9 6 Investigation 12 | . 3 7 2 Extermination . | . . . . Reinforcement 4 | . 1 1 2 Assault 1 | . . 1 . Garrison 2 | . . . 2 Intercept . | . . . . Searches Triggered . | . . . . Construction Impeded . | . . . . Haulers Reinforced . | . . . . Active Scanning Responses . | . . . . Cargo Convoy Interrupts . | . . . . Stealth | -11 -10 -9 -9 --------- Run | Yrd Mat Mat Sto Distress Signals 11 | . 1 7 3 Communications Jammed . | . . . . Distress Signals . | . . . . Times Spotted 118 | . 18 77 23 Peak Tracking Total 7 | . 4 7 6 Tactical Retreats 2 | . . 2 . Traps | -11 -10 -9 -9 ------- Run | Yrd Mat Mat Sto Traps Triggered 4 | . 2 1 1 Indirectly . | . . . . Trap Hack Attempts . | . . . . Triggered . | . . . . Disarmed . | . . . . Reprogrammed 6 | . 6 . . Reused . | . . . . Traps Extracted . | . . . . Installed . | . . . . Triggered . | . . . . Machines | -11 -10 -9 -9 ---------- Run | Yrd Mat Mat Sto Machines Disabled 7 | . 4 3 . Max in Single Turn 2 | . 2 2 . Machines Repaired . | . . . . Machines Dismantled . | . . . . Machines Sabotaged . | . . . . Overloaded Fab Kills . | . . . . Hacking | -11 -10 -9 -9 --------- Run | Yrd Mat Mat Sto Machines Accessed 25 | . 3 15 7 Terminals 16 | . 2 9 5 Fabricators . | . . . . Repair Stations 3 | . 1 2 . Recycling Units 4 | . . 2 2 Scanalyzers 2 | . . 2 . Garrison Access . | . . . . Total Hacks 75 | . 12 47 16 Successful 45 | . 5 29 11 Failed 30 | . 7 18 5 Catastrophic 7 | . 1 5 1 Database Lockouts . | . . . . Manual 5 | . . 1 4 Terminals 41 | . 9 22 10 Fabricators . | . . . . Repair Stations 10 | . 3 7 . Recycling Units 14 | . . 8 6 Scanalyzers 10 | . . 10 . Garrison Access . | . . . . Terminal Hacks 18 | . 2 9 7 Robot Analysis 1 | . . 1 . Prototype ID Bank 3 | . 1 2 . Open Door 3 | . . . 3 Alert Level 1 | . . 1 . Locate Traps 3 | . . 2 1 Reprogram Traps 1 | . 1 . . Dispatch Records 1 | . . 1 . Maintenance Status 1 | . . 1 . Hauler Manifests 1 | . . 1 . Registered Components 1 | . . . 1 Zone Layout 2 | . . . 2 Fabricator Hacks . | . . . . Repair Station Hacks 9 | . 3 6 . Scan Component 5 | . 2 3 . Repair 4 | . 1 3 . Recycling Unit Hacks 8 | . . 4 4 Report Inventory 5 | . . 3 2 Retrieve Components 3 | . . 1 2 Scanalyzer 10 | . . 10 . Insert Component 5 | . . 5 . Analyze 5 | . . 5 . Garrison Access Hacks . | . . . . Unauthorized Hacks . | . . . . Terminals . | . . . . Fabricators . | . . . . Repair Stations . | . . . . Recycling Units . | . . . . Scanalyzers . | . . . . Garrison Access . | . . . . Data Cores Recovered . | . . . . Used . | . . . . Hacking Detections 21 | . 3 13 5 Full Trace Events 9 | . 1 6 2 Feedback Events . | . . . . Feedback Blocked . | . . . . Robot Schematics Acquired . | . . . . Robots Built . | . . . . Authchips . | . . . . Time . | . . . . Total Robot Build Rating . | . . . . Part Schematics Acquired 5 | . . 5 . Parts Built . | . . . . Authchips . | . . . . Time . | . . . . Total Part Build Rating . | . . . . Parts Repaired 4 | . 1 3 . Time 141 | . 26 115 . Parts Recycled . | . . . . Recycled Matter . | . . . . Retrieved Matter . | . . . . Retrieved Components 21 | . . 9 12 Parts Scanalyzed 5 | . . 5 . Part Schematics Acquired 5 | . . 5 . Parts Damaged . | . . . . Bothacking | -11 -10 -9 -9 ------------ Run | Yrd Mat Mat Sto Used RIF Installer . | . . . . Robots Hacked . | . . . . Non-combat . | . . . . Combat . | . . . . Robot Hacks Applied . | . . . . Relay Couplers Released . | . . . . Fabnet Peak Effective % . | . . . . Robots Rewired . | . . . . Allies Hacked . | . . . . Hacks Repelled . | . . . . Allies | -11 -10 -9 -9 -------- Run | Yrd Mat Mat Sto Total Allies . | . . . . Largest Group . | . . . . Highest-Rated Group . | . . . . Highest-Rated Ally . | . . . . Total Orders . | . . . . Ally Attacks . | . . . . Total Damage . | . . . . Kills . | . . . . Allies Corrupted . | . . . . Allies Melted . | . . . . Intel | -11 -10 -9 -9 ------- Run | Yrd Mat Mat Sto Robot Analysis Total 1 | . . 1 . Derelict Logs Recovered . | . . . . Drone Launches 4 | . . . 4 Drone Recoveries 2 | . . . 2 Exploration | -11 -10 -9 -9 ------------- Run | Yrd Mat Mat Sto Turns Passed 3596 | 72 606 2198 720 Spaces Moved 1884 | 58 420 1126 280 Core 18 | 18 . . . Treads . | . . . . Legs 563 | . . 283 280 Wheels 1303 | 40 420 843 . Hover . | . . . . Flight . | . . . . Fastest Speed 50 | 50 100 95 190 Average Speed 130 | 87 100 127 194 Slowest Speed 400 | 100 100 330 400 Overloaded Moves . | . . . . Propulsion Burnouts . | . . . . Robots Hopped . | . . . . Cave-ins Triggered . | . . . . Exploration Rate (%) 44 | 3 48 85 40 Regions Visited 3 Branch Regions 1 Pre-discovered Areas . | . . . . Known Exits Taken . | . . . . Unknown Exits Taken 3 | 1 1 1 . Scrap Searched . | . . . . Spaces Dug 2 | . . 2 . Terrain Destroyed 15 | 5 6 4 . Melee . | . . . . Projectile 2 | . . 2 . AOE 13 | 5 6 2 . Terrain Rammed . | . . . . Walls Destroyed . | . . . . Machines Disabled . | . . . . Actions | -11 -10 -9 -9 --------- Run | Yrd Mat Mat Sto Total 2681 | 75 553 1657 396 Wait 419 | . 70 315 34 Move 1881 | 57 419 1125 280 Hop . | . . . . Pick Up 68 | 10 13 31 14 Fast Attach 14 | 2 3 8 1 Attach 21 | 4 2 12 3 Detach 1 | . . 1 . Swap 40 | 1 6 21 12 Drop 49 | . 10 25 14 Fire 182 | 1 30 118 33 Melee . | . . . . Ram 1 | . . 1 . Kick . | . . . . Crush . | . . . . Escape Stasis 5 | . . . 5 Rewire . | . . . . Trap . | . . . . Miscellaneous . | . . . . Route ------- -11/Scrapyard -10/Materials (discovered 2 exits: *Mat / [*Min]) -9/Materials (discovered 4 exits: [*Mat x2] / [*Min] / *Sto) -9/Storage (discovered 1 exit: [Rec]) History --------- Turn | Location | Event 16 | -11/Scrapyard | Discovered new exit (range 15) 73 | -11/Scrapyard | Entered Materials 241 | -10/Materials | Lost 3 parts (1p2w) 267 | -10/Materials | Repaired Com. Wheel 342 | -10/Materials | Build established: Mutant 360 | -10/Materials | Discovered new exit (range 10) 572 | -10/Materials | Discovered new exit (range 16) 599 | -10/Materials | Core integrity fell below 50% 679 | -10/Materials | Entered another Materials area 679 | -9/Materials | Evolved 2 slots: Utility x2 1137 | -9/Materials | Discovered new exit (range 8) 1498 | -9/Materials | Build established: Scavenger-Mutant 1654 | -9/Materials | Discovered new exit (range 13) 2036 | -9/Materials | Discovered new exit (range 8) 2043 | -9/Materials | Build established: Mutant 2258 | -9/Materials | Core integrity fell below 50% 2456 | -9/Materials | Discovered new exit (range 16) 2518 | -9/Materials | Repaired Imp. Assault Rifle 2602 | -9/Materials | Repaired EM Shotgun 2656 | -9/Materials | Build established: Scavenger-Mutant 2679 | -9/Materials | First assault squad dispatched 2733 | -9/Materials | System corruption reached 10% 2763 | -9/Materials | Lost 3 parts (1p2u) 2791 | -9/Materials | Sterilization system engaged 2791 | -9/Materials | Non-combat units ordered to evacuate 2850 | -9/Materials | Repaired Spread Laser 2877 | -9/Materials | Entered Storage 3088 | -9/Storage | Core integrity fell below 20% 3212 | -9/Storage | Build established: Mutant 3231 | -9/Storage | Discovered new exit (range 17) 3307 | -9/Storage | Found Prototype Launcher 3449 | -9/Storage | Garrison activated, responded to threat 3549 | -9/Storage | Lost 3 parts (1n1u1w) 3597 | -9/Storage | Destroyed by S-10 Pest with Light Assault Rifle Last Messages --------------- Acquired 48 matter. R-06 Scavenger collects Sml. Laser. R-06 Scavenger inserts Terrain Scanner into recycling unit. System corrupted: Matter fused (-10). R-06 Scavenger inserts Structural Scanner into recycling unit. R-06 Scavenger collects Heat Sink. S-10 Pest destroyed. R-06 Scavenger inserts Wheel into recycling unit. R-06 Scavenger collects Aluminum Leg. K-01 Serf collects debris. R-06 Scavenger inserts Heat Sink into recycling unit. S-10 Pest destroyed. Switching to secondary target: S-10 Pest. U-05 Engineer builds a Door. R-06 Scavenger collects Heat Sink. Drone retrieved by Drone Bay. Map ----- +----------------------------------------------------+ | | | | | | | | | | | | | | | ?????????????????????????????????????????????????? | | ?????????????????????????????????????????????????? | | ?????????????????????????????????????????????????? | | ?????????????????????????????????????????????????? | | ?????????????????????????????????????????????????? | | ?????????????????????????????????????????????????? | | ?????????????????????????????????????????????????? | | ?????????????????????????????????????????????????? | | ?????????????????????????????????????????????????? | | ?????????????????????????????????????????????????? | | ???????????????????????????????#?????????????????? | | ?????????????????????????????? #?????????????????? | | ?????????????????????????????? #?????????????????? | | ###?????????????????????????? #?????????????????? | | " #??????????????#####??????? ??????????????????? | | "*###?######?????#"""#?????? ????? #????????????? | | "!""#?# #?????#"Y"#??????+#### #????????????? | | " Y"#?# #######"r"###### #????????????? | | **""#?# *=%+% n r @#= #????????????? | | *=###?# ###### su/k[ T "#???????????? | | #???## #######*"""*"""%#%=o "#???????????? | | #????# # # """!""" /k "#???????????? | | #????# / # """ """a#a T#???????????? | | ###????# # # % # "#???????????? | | ######## # # #? "#???????????? | | # # #? "#???????????? | | + ###########?? ##???????????? | | ###+####### #????????????? """ #????????????? | | # ## #????????????? """ #????????????? | | # ## #??????????????""?? #????????????? | | # ## #???????????????"???#????????????? | | # ## #????????????????????????????????? | | # ## #????????????????????????????????? | | # ########????????????????????????????????? | | # #???????????????????????????????????????? | | + #???????????????????????????????????????? | | # #???????????????????????????????????????? | | ##+#######???????????????????????????????????????? | | ?# #?????????????????????????????????????????????? | | ## #?????????????????????????????????????????????? | | #?????????????????????????????????????????????? | | ######???????????????????????????????????????????? | | #???????????????????????????????????????????? | +----------------------------------------------------+ Best States ------------- Heat Dissipation 38 Energy Generation 14 Energy Capacity 515 Matter Stores 300 Matter Capacity 300 Sight Range 20 Terrain Scan Density 85 Armor Coverage 150 Core Shielding 20 Evasion (%) 50 Targeting Accuracy 5 Offensive Hacking 10 Item Schematics ----------------- Targeting Computer | -9/Materials | Scanalyzed Imp. Assault Rifle | -9/Materials | Scanalyzed Rnf. Ion Engine | -9/Materials | Scanalyzed Hacking Suite | -9/Materials | Scanalyzed Aluminum Leg | -9/Materials | Scanalyzed Robot Schematics ------------------ None Fabricated ------------ Nothing Alien Tech Used ----------------- None Achievements -------------- None Challenges ------------ None Game ------ Seed DiametricSigixClaws Manual? 0 Play Time 02:06:39 Cumulative 23.4 hours Start 2024.04.05 @ 18:33:06 End 2024.04.09 @ 02:18:53 Sessions 6 Manual Loads 0 Difficulty Rogue Special Mode None Game No. 12 Rogue 12 Adventurer 0 Explorer 0 Win Type - Total 0 Types 0/0/0/0/0/0/0/0/0 Lore% 7 Gallery% 22 Achievement% 15 Wizard Run 0 Options --------- Layout 1 ASCII 0 Keyboard 1 Movement Numpad Keybinds 0 Fullscreen 1 Font 24/Smallcaps Map View 50x35 Zoom Use 0% Tactical HUD 0 Map Filters NONE Filters NONE Steam 1 RUN: 79063621-beb5-4990-9e70-dc3899577d4e